 Dungeon Sprint DCSS version 0.21.0-24-g2553a33 (webtiles) character file.

145 letownia2 the Ruffian (level 5, -9/48 HPs)
             Began as a Troll Wizard on Jan 20, 2018.
             Killed from afar by a deep elf mage (30 damage)
             ... with a shard of ice
             ... in the Dungeon (Sprint III: "The Ten Rune Challenge").
             The game lasted 00:01:14 (188 turns).

letownia2 the Ruffian (Troll Wizard)                 Turns: 188, Time: 00:01:14

Health: -9/48      AC:  6    Str: 15    XL:     5   Next: 6%
Magic:  2/8        EV:  9    Int: 15    God:
Gold:   33         SH:  0    Dex:  8    Spells: 0/9 levels left

rFire    . . .     SeeInvis .     - Unarmed
rCold    . . .     Gourm    +   (no shield)
rNeg     . . .     Faith    .   a - +0 robe
rPois    .         Spirit   .   b - +0 hat
rElec    .         Reflect  .   l - +0 cloak
rCorr    .         Harm     .   (gloves unavailable)
MR       .....     NoTele   +   (boots unavailable)
Stlth    +.........             (no amulet)
HPRegen  0.56/turn              (no ring)
MPRegen  0.11/turn              (no ring)

@: very slightly contaminated
A: large, unfitting armour, claws 3, fast metabolism 3, gourmand, regeneration
1, shaggy fur 1, tough skin 2
a: no special abilities


You were in the Dungeon.
You were not hungry.

You visited 1 branch You collected 33 gold pieces.

Inventory:

Hand Weapons
 k - a +4 quarterstaff of chaos
Armour
 a - a +0 robe (worn)
 b - a +0 hat (worn)
 l - a +0 cloak (worn)
Scrolls
 j - a scroll of blinking
 n - 2 scrolls of immolation {unknown}
 o - 3 scrolls of identify
 p - 3 scrolls of remove curse
Potions
 e - a potion of curing
 f - a potion of heal wounds
 g - a potion of haste
 h - 2 potions of magic
 i - a potion of berserk rage
 m - 5 potions of mutation {unknown}
 q - 3 potions of flight
Books
 c - a book of Minor Magic

   Spells                             Type                      Level
   a - Magic Dart                     Conjuration                  1
   b - Blink                          Translocation                2
   c - Call Imp                       Summoning                    2
   d - Slow                           Hexes                        2
   e - Conjure Flame                  Conjuration/Fire             3
   f - Mephitic Cloud                 Conjuration/Poison/Air       3
Comestibles
 d - 4 rations


   Skills:
 + Level 1.2 Fighting
 + Level 1.5 Dodging
 - Level 1.0 Stealth
 * Level 7.6 Unarmed Combat
 + Level 2.7 Spellcasting
 + Level 2.0 Conjurations
   Level 0.6 Summonings
 + Level 0.6 Translocations
 + Level 1.7 Fire Magic
 + Level 1.5 Air Magic
 + Level 1.7 Poison Magic


You couldn't memorise any spells.
You knew the following spells:

 Your Spells              Type           Power        Failure   Level  Hunger
a - Magic Dart            Conj           #...         9%          1    #......
b - Blink                 Tloc           N/A          24%         2    ##.....
c - Conjure Flame         Conj/Fire      #.......     28%         3    ###....
e - Mephitic Cloud        Conj/Pois/Air  #.......     30%         3    ###....


Dungeon Overview and Level Annotations

Branches:
Dungeon (1/1)

Altars:
Elyvilon
Zin
The Shining One


Innate Abilities, Weirdness & Mutations

You are too large for most types of armour.
You have claws for hands.
Your metabolism is lightning-fast.
You like to eat raw meat.
Your natural rate of healing is unusually fast.
You are covered in fur. (AC +1)
You have very tough skin. (AC +2)


Message History

Confirm with . or Enter, or press ? or * to list all spells.
Aiming: Mephitic Cloud
Press: ? - help, Shift-Dir - straight line, f/p - deep elf mage
Aim: a deep elf mage, wielding a long sword of holy wrath You miscast Mephitic Cloud.
Strange energies run through your body.
Unknown command.
Unknown command.
You barely miss the deep elf mage. The deep elf mage casts a spell at you.
The shard of ice hits you!
You closely miss the deep elf mage.
The deep elf mage hits you with a long sword of holy wrath!
You miss the deep elf mage. You closely miss the deep elf mage.
The deep elf mage hits you but does no damage.
You closely miss the deep elf mage. The deep elf mage casts a spell at you.
The shard of ice hits you!
Ouch! That really hurt!
You die...

▓▓▓ ▓▓▓ ..#### ##.####
.....#####..#___
......#..#..#!..
.##.[.#..#..###e#+###+##
.###..##'#..#...@......#
#.##..###...'.⌠........#
.##..####...#...######+#
.##..###....#.⌠.#
##...##.....#...#
#....#......#+###
#..##.#.....#
#..#####....# ▓▓▓▓
▓▓▓▓▓▓


You could see a deep elf mage.

Vanquished Creatures
  A water elemental (D)
  Crazy Yiuf (D)
  Jessica (D)
  A human (D)
  2 oozes (D)
  A rat (D)
7 creatures vanquished.

Vanquished Creatures (others)
  6 hellions (D)
6 creatures vanquished.

Grand Total: 13 creatures vanquished

Notes
Turn   | Place    | Note
-------+----------+-------------------------------------------
     0 | D        | letownia2 the Troll Wizard began the quest for the Orb.
     0 | D        | Reached XP level 1. HP: 16/16 MP: 2/2
    14 | D        | Reached skill level 1 in Fighting
    14 | D        | Reached skill level 2 in Unarmed Combat
    27 | D        | Reached skill level 3 in Unarmed Combat
    27 | D        | Reached XP level 2. HP: 25/27 MP: 4/4
    57 | D        | Noticed Jessica
    66 | D        | Killed Jessica
    66 | D        | Reached skill level 5 in Unarmed Combat
    66 | D        | Reached XP level 3. HP: 33/33 MP: 6/6
    75 | D        | Learned a level 3 spell: Mephitic Cloud
    79 | D        | Learned a level 3 spell: Conjure Flame
    86 | D        | Killed a hellion
    90 | D        | Killed a hellion
    91 | D        | Killed a hellion
    92 | D        | Killed a hellion
    94 | D        | Killed a hellion
    94 | D        | Killed a hellion
    95 | D        | Reached skill level 1 in Conjurations
   101 | D        | Noticed Crazy Yiuf
   105 | D        | Killed Crazy Yiuf
   105 | D        | Reached skill level 1 in Fire Magic
   105 | D        | Reached skill level 1 in Air Magic
   105 | D        | Reached skill level 1 in Poison Magic
   105 | D        | Reached XP level 4. HP: 41/41 MP: 3/7
   136 | D        | Noticed a water elemental
   139 | D        | Killed a water elemental
   139 | D        | Reached skill level 7 in Unarmed Combat
   139 | D        | Reached XP level 5. HP: 44/48 MP: 3/8
   143 | D        | Learned a level 2 spell: Blink
   181 | D        | Found a glowing silver altar of Zin.
   181 | D        | Found a glowing golden altar of the Shining One.
   181 | D        | Found a white marble altar of Elyvilon.
   181 | D        | Noticed a deep elf mage
   188 | D        | Killed from afar by a deep elf mage

Skill      XL: |  1  2  3  4 |
---------------+-------------+-----
Fighting       | 1 |  1.2
Unarmed Combat | 3 5 7 |  7.6
Conjurations   | 2 |  2.0
Fire Magic     | 1 |  1.7
Air Magic      | 1 |  1.5
Poison Magic   | 1 |  1.7
Dodging        | |  1.5
Stealth        | |  1.0
Spellcasting   | |  2.7
Summonings     | |  0.6
Translocations | |  0.6

Action                   |  1- 3 |  4- 6 || total
-------------------------+-------+-------++-------
Melee: Unarmed           |    26 |     7 ||    33
       Punch             |     1 |       ||     1
 Cast: Mephitic Cloud    |     1 |       ||     1
       Conjure Flame     |       |     1 ||     1
 Stab: Sleeping          |     2 |       ||     2
  Eat: Chunk             |     1 |       ||     1
Armor: Robe              |     3 |     1 ||     4
Dodge: Dodged            |     9 |       ||     9
